Cogmind - Beta 14 @@@ ROGUE MODE // 2025.03.06 @ 21:55:49 Player: CLown Bot Result: Destroyed by G-34 Mercenary with Small Laser Performance ------------- Evolutions (0) 0 Regions Visited (1) 200 Robots Destroyed (12) 60 Value Destroyed (137) 137 Prototype IDs (0) 0 Alien Tech Used (0) 0 Bonus (0) 0 TOTAL SCORE: 397 Bonus ------- None Cogmind --------- Core Integrity 0/250 Matter 448/500 Energy 100/100 System Corruption 0% Temperature Cool (6) Movement Core (1450) Ox28 Location -10/Materials Parts ------- > --- POWER (1) -------- (None) > --- PROPULSION (2) --- (None) > --- UTILITY (2) ------ Huge Storage Unit High-capacity Matter Pod > --- WEAPON (2) ------- Medium Laser > --- INVENTORY (25) --- Aluminum Leg Aluminum Leg Wheel Wheel Assault Rifle Peak State ------------ > --- POWER ------------ Light Ion Engine > --- PROPULSION ------- Hover Unit Hover Unit > --- UTILITY ---------- Huge Storage Unit Visual Processing Unit > --- WEAPON ----------- Medium Laser Beam Cannon > --- INVENTORY -------- Aluminum Leg Aluminum Leg Wheel Wheel High-capacity Matter Pod Assault Rifle [Rating: 8] Favorites ----------- Power Light Ion Engine Engine Light Ion Engine Propulsion Wheel Leg Aluminum Leg Wheel Wheel Hover Unit Hover Unit Utility High-capacity Matter Pod Storage High-capacity Matter Pod Processor Signal Interpreter Weapon Medium Laser Energy Gun Medium Laser Energy Cannon Beam Cannon Ballistic Gun Assault Rifle Build | -11 -10 ------- Run | Yrd Mat Slots Evolved . | . . Power . | . . Propulsion . | . . Utility . | . . Weapon . | . . Parts Attached 15 | 5 10 Power 2 | 1 1 Engine 2 | 1 1 Core . | . . Reactor . | . . Propulsion 5 | 2 3 Treads . | . . Leg 1 | . 1 Wheel 2 | 2 . Hover 2 | . 2 Flight . | . . Utility 5 | . 5 Device . | . . Storage 3 | . 3 Processor 2 | . 2 Hackware . | . . Protection . | . . Artifact . | . . Weapon 3 | 2 1 Energy Gun 1 | 1 . Energy Cannon 1 | . 1 Ballistic Gun 1 | 1 . Ballistic Cannon . | . . Launcher . | . . Special Weapon . | . . Impact Weapon . | . . Slashing Weapon . | . . Piercing Weapon . | . . Special Melee Weapon . | . . Unidentified Prototypes . | . . Parts Lost 5 | . 5 Power 2 | . 2 Propulsion 2 | . 2 Utility . | . . Weapon 1 | . 1 Highest Loss Streak 4 | . 4 To Critical Strikes . | . . Average Slot Usage (%) 91 | . 91 Engine 13 | . 13 Leg 1 | . 1 Wheel 18 | . 18 Hover 7 | . 7 Storage 20 | . 20 Processor 1 | . 1 Energy Gun 14 | . 14 Energy Cannon 11 | . 11 Ballistic Gun 2 | . 2 Peak Build Rating 8 | 5 8 Average Rating 5 | 3 6 On Entrance 2 | . 5 Naked Turns . | . . Heaviest Build 92 | 7 92 Greatest Support 20 | 20 20 Greatest Overweight (x) 28 | . 28 Average Overweight (x) 1 | . 1 Largest Inventory Capacity 25 | 5 25 Average Capacity 15 | 5 18 Most Carried 6 | 4 6 Average Carried 4 | 2 4 Final Capacity 25 | 5 25 Final Carried 5 | 4 5 Class Distribution -------------------- 100% | Mutant Dominant Class ---------------- Mutant | -10/Materials Resources | -11 -10 ----------- Run | Yrd Mat Matter Collected 521 | 274 247 Remotely . | . . Salvage Created 329 | 54 275 Parts 23 | 2 21 Haulers Intercepted . | . . Recyclers Shooed 3 | . 3 Parts Field Recycled . | . . Retrieved Matter . | . . Parts Self-Destructed . | . . Prevented . | . . Kills | -11 -10 ------- Run | Yrd Mat Combat Hostiles Destroyed 2 | 1 1 Guns 1 | 1 . Cannons 1 | . 1 Classes Destroyed 6 | 2 4 Worker 4 | 1 3 Builder 2 | . 2 Tunneler 1 | . 1 Recycler 1 | . 1 Watcher 2 | . 2 Grunt 2 | 1 1 Best Kill Streak 2 | 1 2 Combat Bots Only 1 | 1 1 Max Kills in Single Turn 1 | 1 1 Gunslinging . | . . Exploded . | . . Melee . | . . Uniques/NPCs Destroyed . | . . Combat | -11 -10 -------- Run | Yrd Mat Hostile Shots Fired 87 | 12 75 Missed 23 | 3 20 Damage Taken 707 | 100 607 Core 260 | 58 202 Absorbed by Shields . | . . Core Remaining (%) 76 | 76 . Volleys Fired 53 | 9 44 Largest 2 | 2 2 Hottest 110 | 70 110 Shots Fired 104 | 18 86 Gun 69 | 18 51 Cannon 35 | . 35 Launcher . | . . Special . | . . Kinetic 16 | 9 7 Thermal 88 | 9 79 Explosive . | . . Electromagnetic . | . . Robot Hit Streak 6 | 6 6 Robot Miss Streak 6 | 1 6 Penetration Max . | . . Secondary Targets . | . . Shots Hit Robots 51 | 11 40 Core Hits 15 | 3 12 Critical Kills . | . . Critical Parts Destroyed . | . . Critical Strikes 1 | 1 . Burn 1 | 1 . Melee Attacks . | . . Impact . | . . Slashing . | . . Piercing . | . . Sneak Attacks . | . . Combat Hostiles . | . . Follow-up Attacks . | . . Damage Inflicted 772 | 168 604 Guns 457 | 168 289 Cannons 315 | . 315 Explosions . | . . Melee . | . . Ramming . | . . Kinetic 116 | 92 24 Thermal 656 | 76 580 Explosive . | . . Electromagnetic . | . . Impact . | . . Slashing . | . . Piercing . | . . Highest Corruption . | . . Average Corruption . | . . Corruption Purged . | . . Corruption Blocked . | . . Overload Shots . | . . Overflow Damage . | . . Projectiles . | . . Explosions . | . . Melee . | . . Knockbacks . | . . Impact . | . . Kinetic . | . . Secondary . | . . Self-Inflicted Damage . | . . Shots . | . . Rammed . | . . Targets Rammed . | . . Kicked . | . . Crushed . | . . Highest Temperature 245 | 65 245 Average Temperature 59 | 25 64 Received Heat Transfer 384 | 54 330 Siege Activations . | . . Robots Corrupted . | . . Combat Hostiles . | . . Parts Fried . | . . Impact Corruptions . | . . Robots Melted . | . . Combat Hostiles . | . . Parts Melted 1 | . 1 Heat Transferred 1739 | 296 1443 Parts Sabotaged . | . . Parts Stolen . | . . Parts Stripped . | . . Power Chain Reactions . | . . Alert | -11 -10 ------- Run | Yrd Mat Peak Influence 88 | 25 88 Initial 16 | . 16 Average 23 | 3 27 Maximum Alert Level . | . . Low Security (%) 100 | 100 100 Level 1 . | . . Level 2 . | . . Level 3 . | . . Level 4 . | . . Level 5 . | . . High Security . | . . Max Security . | . . Squads Dispatched 1 | . 1 Investigation 1 | . 1 Extermination . | . . Reinforcement . | . . Assault . | . . Garrison . | . . Intercept . | . . Searches Triggered . | . . Construction Impeded . | . . Haulers Reinforced . | . . Active Scanning Responses . | . . Cargo Convoy Interrupts . | . . Stealth | -11 -10 --------- Run | Yrd Mat Distress Signals 1 | . 1 Communications Jammed . | . . Distress Signals . | . . Times Spotted 9 | 1 8 Peak Tracking Total 3 | 1 3 Tactical Retreats . | . . Traps | -11 -10 ------- Run | Yrd Mat Traps Triggered 1 | . 1 Indirectly . | . . Trap Hack Attempts . | . . Triggered . | . . Disarmed . | . . Reprogrammed . | . . Reused . | . . Traps Extracted . | . . Installed . | . . Triggered . | . . Machines | -11 -10 ---------- Run | Yrd Mat Machines Disabled 1 | . 1 Max in Single Turn 1 | . 1 Machines Repaired . | . . Machines Dismantled . | . . Machines Sabotaged . | . . Overloaded Fab Kills . | . . Hacking | -11 -10 --------- Run | Yrd Mat Machines Accessed . | . . Terminals . | . . Fabricators . | . . Repair Stations . | . . Recycling Units . | . . Scanalyzers . | . . Garrison Access . | . . Total Hacks . | . . Successful . | . . Failed . | . . Catastrophic . | . . Database Lockouts . | . . Manual . | . . Terminals . | . . Fabricators . | . . Repair Stations . | . . Recycling Units . | . . Scanalyzers . | . . Garrison Access . | . . Terminal Hacks . | . . Fabricator Hacks . | . . Repair Station Hacks . | . . Recycling Unit Hacks . | . . Scanalyzer . | . . Garrison Access Hacks . | . . Unauthorized Hacks . | . . Terminals . | . . Fabricators . | . . Repair Stations . | . . Recycling Units . | . . Scanalyzers . | . . Garrison Access . | . . Data Cores Recovered . | . . Used . | . . Hacking Detections . | . . Full Trace Events . | . . Feedback Events . | . . Feedback Blocked . | . . Robot Schematics Acquired . | . . Robots Built . | . . Authchips . | . . Time . | . . Total Robot Build Rating . | . . Part Schematics Acquired . | . . Parts Built . | . . Authchips . | . . Time . | . . Total Part Build Rating . | . . Parts Repaired . | . . Time . | . . Parts Recycled . | . . Recycled Matter . | . . Retrieved Matter . | . . Retrieved Components . | . . Parts Scanalyzed . | . . Part Schematics Acquired . | . . Parts Damaged . | . . Bothacking | -11 -10 ------------ Run | Yrd Mat Used RIF Installer . | . . Robots Hacked . | . . Non-combat . | . . Combat . | . . Robot Hacks Applied . | . . Relay Couplers Released . | . . Fabnet Peak Effective % . | . . Robots Rewired . | . . Allies Hacked . | . . Hacks Repelled . | . . Allies | -11 -10 -------- Run | Yrd Mat Total Allies . | . . Largest Group . | . . Highest-Rated Group . | . . Highest-Rated Ally . | . . Total Orders . | . . Ally Attacks . | . . Total Damage . | . . Kills . | . . Allies Corrupted . | . . Allies Melted . | . . Intel | -11 -10 ------- Run | Yrd Mat Robot Analysis Total . | . . Derelict Logs Recovered . | . . Drone Launches . | . . Drone Recoveries . | . . Exploration | -11 -10 ------------- Run | Yrd Mat Turns Passed 733 | 120 613 Spaces Moved 431 | 105 326 Core 25 | 24 1 Treads . | . . Legs 5 | . 5 Wheels 376 | 81 295 Hover 25 | . 25 Flight . | . . Fastest Speed 50 | 50 80 Average Speed 126 | 73 144 Slowest Speed 1450 | 80 1450 Overloaded Moves . | . . Propulsion Burnouts . | . . Robots Hopped . | . . Cave-ins Triggered . | . . Exploration Rate (%) 14 | 6 22 Regions Visited 1 Branch Regions . Pre-discovered Areas . | . . Known Exits Taken . | . . Unknown Exits Taken 1 | 1 . Scrap Searched . | . . Spaces Dug . | . . Terrain Destroyed . | . . Melee . | . . Projectile . | . . AOE . | . . Terrain Rammed . | . . Walls Destroyed . | . . Machines Disabled . | . . Actions | -11 -10 --------- Run | Yrd Mat Total 517 | 129 388 Wait 2 | 2 . Move 430 | 104 326 Hop . | . . Pick Up 14 | 9 5 Fast Attach 2 | . 2 Attach 8 | 5 3 Detach 2 | . 2 Swap 5 | . 5 Drop 1 | . 1 Fire 53 | 9 44 Melee . | . . Ram . | . . Kick . | . . Crush . | . . Escape Stasis . | . . Rewire . | . . Trap . | . . Miscellaneous . | . . Route ------- -11/Scrapyard -10/Materials (discovered 1 exit: [*Min]) History --------- Turn | Location | Event 3 | -11/Scrapyard | Met Revision 17 88 | -11/Scrapyard | Discovered new exit (range 8) 121 | -11/Scrapyard | Entered Materials 313 | -10/Materials | Build established: Mutant 379 | -10/Materials | Discovered new exit (range 15) 698 | -10/Materials | Core integrity fell below 50% 716 | -10/Materials | Core integrity fell below 20% 734 | -10/Materials | Destroyed by G-34 Mercenary with Small Laser Last Messages --------------- Acquired 27 matter. K-01 Serf collects debris. Triggered Alarm Trap. An alarm sounds. ALERT: Alarm triggered, dispatching investigation squad. K-01 Serf destroyed. U-05 Engineer lays Concrete. Acquired 30 matter. U-05 Engineer lays Concrete. U-05 Engineer destroyed. Hover Unit destroyed. Lgt. Ion Engine destroyed. Beam Cannon destroyed. R-06 Scavenger collects Wheel. Hover Unit destroyed. R-06 Scavenger collects Wheel. G-34 Mercenary destroyed. R-06 Scavenger collects Welding Torch. K-01 Serf collects debris. Map ----- +----------------------------------------------------+ | | | | | ???????????????????????????????????? | | ???????????????????????????????????? | | ???????????????????????????????????? | | ???????????????????????????????????? | | ???????????????????????????????????? | | ???????????????????????????????????? | | ???????????????????????????????????? | | ???????????????????????????????????? | | ???????????????????????????????????? | | ??????????###??????????????????????? | | ?????????#"""#?????????????????????? | | ????????#"|||"##???????????????????? | | ????????"" ""#???????????????????? | | ???????? #???????????????????? | | ???????? < ????????????????????? | | ????????? ????????????????????? | | ????????? ?????????????????????? | | ????????? ?????????????????????? | | ?????##### #?????????????????????? | | ?????#[[ #?????????????????????? | | ?????#[[ +?????????????????????? | | ?????#|| #?????????????????????? | | ?????#|| #?????????????????????? | | ?????#!! @ #?????????????????????? | | ?????#!! #?????????????????????? | | ?????#####= #?????????????????????? | | ?????????#%g #?????????????????????? | | ????????##g r##????????????????????? | | ????????# =!*!########/##??????????? | | ????????# % #??????????? | | ????????+ #??????????? | | ????????# #??????????? | | ????????# """" #??????????? | | ????????## k """""""" # ?????????? | | ?????????# """ """ ????????? | | ?????????# ###????????? | | ?????????# #??????????? | | ?#########! #########+##??????????? | | # # ! #?????????????????????? | | # """ # ! #?????????????????????? | | # """ [ + #?????????????????????? | | # """ # #?????????????????????? | | # # #?????????????????????? | | ?######### #?????????????????????? | | #######??# #?????????????????????? | | # #??# =#?????????????????????? | | # #??# #?????????????????????? | | # #??# #?????????????????????? | +----------------------------------------------------+ Best States ------------- Heat Dissipation 25 Energy Generation 10 Energy Capacity 125 Matter Stores 448 Matter Capacity 500 Sight Range 16 Terrain Scan Density 10 Evasion (%) 50 Item Schematics ----------------- None Robot Schematics ------------------ None Fabricated ------------ Nothing Alien Tech Used ----------------- None Achievements -------------- None Challenges ------------ None Game ------ Seed JunkPointHumpback Manual? 0 Play Time 00:11:09 Cumulative 0.2 hours Start 2025.03.06 @ 21:46:59 End 2025.03.06 @ 21:55:49 Sessions 1 Manual Loads 0 Difficulty Rogue Special Mode None Game No. 2 Rogue 2 Adventurer 0 Explorer 0 Win Type - Total 0 Types 0/0/0/0/0/0/0/0/0 Lore% 0 Gallery% 1 Achievement% 0 Wizard Run 0 Options --------- Layout 1 ASCII 0 Keyboard 0 Movement Mouse Keybinds 0 Fullscreen 2 Font 24/Smallcaps Map View 50x35 Zoom Use 0% Tactical HUD 0 Map Filters NONE Filters NONE Steam 1 RUN: 9931e6cb-00cd-4ba6-8fb1-11faea454691